 Dungeon Crawl Stone Soup version 0.21-a0-142-gdd972a7 (webtiles) character file.

78540 nubinia the Severer (level 15, 18/136 HPs)
             Began as a Hill Orc Fighter on July 21, 2017.
             Was a High Priest of Yredelemnul.
             Quit the game on level 4 of the Shoals on July 23, 2017.
             The game lasted 02:40:06 (19094 turns).

nubinia the Severer (Hill Orc Fighter)             Turns: 19094, Time: 02:40:07

Health: 18/136     AC: 17    Str: 28    XL:     15   Next: 60%
Magic:  5/25       EV: 13    Int: 15    God:    Yredelemnul [*****.]
Gold:   1440       SH: 13    Dex: 13    Spells: 14/14 levels left

rFire    + + .     SeeInvis +   a - +7 war axe (elec)
rCold    + . .     Gourm    .   c - +0 shield
rNeg     . . .     Faith    .   m - +2 ring mail of Tomorrow {Regen+ Str+4}
rPois    .         Spirit   +   k - +1 helmet {SInv}
rElec    +         Reflect  .   G - +0 cloak
rCorr    +         Harm     .   X - +1 pair of gloves
MR       .....                  Q - +0 pair of boots "Lotir" {rElec rCorr Int+3}
Stlth    +++.......             C - amulet of guardian spirit
HPRegen  0.72/turn              U - +3 ring of dexterity
MPRegen  0.19/turn              V - ring "Pusmyi" {rF++ rC+ MR- Int+4 Stlth+}

@: mesmerised
A: clumsy 1
a: Recall Undead Slaves, Injury Mirror, Animate Dead, Drain Life, Enslave Soul,
Renounce Religion


You were on level 4 of the Shoals.
You worshipped Yredelemnul.
Yredelemnul was extremely pleased with you.
You were not hungry.

You visited 5 branches of the dungeon, and saw 23 of its levels.
You also visited: Sewer.

You collected 2264 gold pieces.
You spent 824 gold pieces at shops.

Inventory:

Hand Weapons
 a - a +7 war axe of electrocution (weapon)
 b - a +0 blowgun
 B - a +3 hunting sling
Missiles
 d - a throwing net
 l - 40 sling bullets
 s - 124 poisoned needles
 y - 10 tomahawks of returning (quivered)
Armour
 c - a +0 shield (worn)
 k - a +1 helmet of see invisible (worn)
 m - the +2 ring mail of Tomorrow (worn) {Regen+ Str+4}
   (You bought it in a shop on level 1 of the Orcish Mines)

   It affects your strength (+4).
   It increases your rate of regeneration.
 t - a +1 chain mail of fire resistance
 G - a +0 cloak (worn)
 J - the +3 scale mail "Unorren" {rC+}
   (You found it on level 8 of the Dungeon)

   It protects you from cold.
 N - a +1 leather armour of fire resistance
 Q - the +0 pair of boots "Lotir" (worn) {rElec rCorr Int+3}
   (You bought it in a shop on level 2 of the Orcish Mines)

   It affects your intelligence (+3).
   It insulates you from electricity.
   It protects you from acid and corrosion.
 X - a +1 pair of gloves (worn)
Jewellery
 g - an uncursed ring of poison resistance
 C - an amulet of guardian spirit (around neck)
 E - a +3 ring of slaying
 S - a +2 ring of protection
 U - a +3 ring of dexterity (left hand)
 V - the ring "Pusmyi" (right hand) {rF++ rC+ MR- Int+4 Stlth+}
   (You bought it in a shop on level 1 of the Orcish Mines)

   [ring of protection from cold]

   It affects your intelligence (+4).
   It greatly protects you from fire.
   It protects you from cold.
   It affects your resistance to hostile enchantments.
   It makes you more stealthy.
Wands
 h - a wand of acid (5/15)
 D - a wand of random effects (32/48)
 F - a wand of flame (45/48)
 W - a wand of iceblast (1/15)
 Y - a wand of digging (12/24)
 Z - a wand of disintegration (12/24)
Scrolls
 n - 2 scrolls of identify
 H - 7 scrolls of teleportation
 K - 3 scrolls of fog
 L - 3 scrolls of remove curse
 M - 2 scrolls of magic mapping
 R - 3 scrolls of recharging
Potions
 e - 5 potions of resistance
 p - a potion of heal wounds {unknown}
 r - 9 potions of curing
 u - a potion of invisibility {unknown}
 v - 5 potions of brilliance
 x - 3 potions of lignification
 A - 4 potions of haste
 O - 2 potions of flight
 T - 2 potions of mutation {unknown}
Books
 o - Sif Muna's Almanac of Feathers
   (You found it on level 4 of the Dungeon)

   Spells                             Type                      Level
   a - Shock                          Conjuration/Air              1
Miscellaneous
 q - a lightning rod (inert)
 P - a fan of gales
Comestibles
 f - 13 bread rations
 w - 9 meat rations


   Skills:
 + Level 13.6 Fighting
 + Level 17.3 Axes
 + Level 0.6(3.6) Slings
 + Level 5.7 Throwing
 + Level 11.2 Armour
 + Level 4.8 Dodging
 + Level 4.7 Stealth
 + Level 11.7 Shields
 + Level 13.5 Invocations
 + Level 3.6 Evocations


You had 14 spell levels left.
You didn't know any spells.

Dungeon Overview and Level Annotations

Branches:
Dungeon (10/15)            Temple (1/1) D:4            Lair (6/6) D:9
 Shoals (4/4) Lair:2       Spider (0/4) Lair:3        Slime (0/5) Lair:6
    Orc (2/2) D:10            Elf (0/3) Orc:2

Altars:
Ashenzari
Cheibriados
Dithmenos
Elyvilon
Fedhas
Gozag
Hepliaklqana
Kikubaaqudgha
Makhleb
Nemelex Xobeh
Okawaru
Qazlal
Ru
Sif Muna
Trog
Uskayaw
Vehumet
Wu Jian
Xom
Yredelemnul
Zin
The Shining One
Jiyva

Shops:
D:4 ([%   D:5 (   Orc:1 *   Orc:2 *=[(   Shoals:1 [

Annotations:
Lair:2 exclusion: oklob plant


Innate Abilities, Weirdness & Mutations

You are clumsy. (Dex -2)


Message History

Your vampire knight mumbles some strange words.
Your vampire knight flickers and vanishes for a moment.
Throwing (i - inventory. (,) - cycle):
y - 10 tomahawks of returning (quivered)
Press: ? - help, Shift-Dir - straight line, f/p - faun
Aim: a faun, wielding a hunting sling (severely wounded) Really fire in your satyr zombie's direction?
Okay, then.
The faun shoots a stone.
The stone hits your faun zombie!
The merfolk avatar chants a haunting song.
You are mesmerised by the merfolk avatar!
You see here an arrow.
A merfolk impaler comes into view. It is wielding a trident of venom.
The shadowy forms in the deep grow still as others approach.
The faun shoots a stone.
The stone hits your faun zombie!!
Your faun zombie is destroyed!
A tomahawk appears from out of your range of vision.
The tomahawk hits your satyr zombie!!
You hear a splash.
A merfolk aquamancer comes into view.
It is wielding a rapier of electrocution.
Are you sure you want to abandon this character and quit the game? (Confirm with "yes".)

≈≈≈m≈≈≈≈....≈..
≈≈≈≈≈≈.........
≈≈≈≈≈≈.m.......
≈≈≈≈≈≈≈.=.......
≈≈≈≈≈≈≈...)..m..
≈≈≈≈≈≈≈...(..Z.. .
≈≈≈≈≈≈≈....$Z(Vc ..
#PP≈≈≈.#@(.≈≈Z≈≈ ..P
##)P≈≈≈≈.(.)≈≈≈≈≈
..PP##≈≈≈)≈≈≈≈(≈≈..≈≈≈
...P≈≈≈≈≈PPP≈(≈≈≈≈≈≈≈≈
....≈≈≈≈(PP≈≈((≈≈≈≈≈≈≈
#P.≈≈.≈≈(P#≈≈≈≈≈≈≈≈≈≈
..PP≈≈≈≈)....≈)≈≈≈≈≈≈≈
.PPP≈≈≈≈(.(..(≈≈≈≈≈≈≈≈
...≈≈.≈##.(.(.≈≈≈≈≈≈≈≈


You could see a merfolk avatar, a merfolk impaler, a merfolk aquamancer, a faun,
a friendly vampire knight (invisible), a friendly merfolk zombie, a friendly
merfolk impaler zombie and a friendly satyr zombie.

Vanquished Creatures
  Nikola (Shoals:1)
  An orc warlord (Orc:2)
  2 merfolk javelineers
  2 merfolk impalers
  4 hydras
  2 merfolk avatars
  A satyr (Shoals:4)
  3 two-headed ogres
  An alligator snapping turtle (Shoals:3)
  3 death yaks (Lair:4)
  2 orc high priests (Orc:2)
  A fire crab (Shoals:3)
  4 sea snakes
  2 harpies (Shoals:1)
  4 orc knights (Orc:2)
  3 manticores
  3 fauns
  4 orc sorcerers (Orc:2)
  A cyclops (Shoals:4)
  An elephant (Lair:5)
  4 merfolk sirens
  3 water nymphs (Shoals:1)
  A black mamba (Lair:6)
  13 spiny frogs
  5 rime drakes
  4 komodo dragons
  6 trolls
  2 polar bears
  3 wind drakes
  2 tyrant leeches
  10 merfolk
  23 blink frogs
  A dream sheep (Shoals:4)
  A snapping turtle (Shoals:3)
  7 hippogriffs
  Sigmund (D:5)
  A redback (Lair:3)
  A wyvern (D:10)
  A spriggan (D:7)
  25 yaks
  A steam dragon (Lair:4)
  2 basilisks
  A hungry ghost (D:7)
  4 vampire mosquitoes (Lair:6)
  A warg (Orc:1)
  5 porcupines
  9 water moccasins
  28 orc warriors
  A swamp drake (Lair:4)
  An ice beast (D:6)
  2 black bears
  2 sky beasts (D:8)
  A necrophage (D:6)
  12 ogres
  6 wolves (Lair:3)
  5 centaurs
  9 crocodiles
  A big kobold (Sewer)
  24 bullfrogs
  2 scorpions
  A wyvern skeleton (D:8)
  10 killer bees
  5 wights
  A howler monkey (D:4)
  A crimson imp (D:5)
  A centaur zombie (D:9)
  A centaur skeleton (D:4)
  3 hounds
  2 jellies
  4 orc priests
  15 orc wizards
  A bullfrog skeleton (D:8)
  2 iguanas
  5 worker ants
  An ogre zombie (Orc:2)
  A worker ant zombie (D:7)
  12 gnolls
  13 adders
  2 river rats (Sewer)
  A shadow imp (D:6)
  2 adder skeletons
  2 worms (D:2)
  3 dart slugs
  3 leopard geckos
  55 orcs
  11 giant cockroaches
  6 goblins
  6 hobgoblins
  2 jackals (Sewer)
  9 kobolds
  2 quokkas
  4 bats
  5 frilled lizards
  A leopard gecko skeleton (D:5)
  A leopard gecko zombie (D:6)
  6 rats
  4 fungi
  10 plants
490 creatures vanquished.

Vanquished Creatures (collateral kills)
  An orc warlord (Orc:1)
  3 merfolk impalers
  2 hydras
  A death yak (Lair:4)
  A merfolk avatar (Shoals:3)
  2 satyrs (Shoals:4)
  A two-headed ogre (Orc:1)
  An orc high priest (Orc:2)
  A fire crab (Shoals:3)
  2 sea snakes
  3 harpies
  An orc sorcerer (Orc:1)
  An orc knight (Orc:2)
  4 manticores
  5 fauns
  3 black mambas
  2 merfolk sirens
  A water nymph (Shoals:1)
  12 spiny frogs
  A komodo dragon (Lair:6)
  3 tyrant leeches
  10 merfolk
  A wind drake (Shoals:4)
  10 blink frogs
  5 dream sheep
  2 hippogriffs
  4 snapping turtles
  7 yaks
  3 water elementals
  4 basilisks
  A fire bat (Shoals:3)
  2 vampire mosquitoes
  A warg (Orc:2)
  A water moccasin (Lair:6)
  A black bear (Lair:5)
  2 orc warriors
  A phantom (D:6)
  An ogre (Orc:2)
  An eye of draining (D:10)
  4 crocodiles
  8 bullfrogs
  A scorpion (Lair:1)
  A killer bee (D:9)
  A jelly (D:7)
  2 hounds
  A bullfrog skeleton (D:6)
  An orc priest (D:8)
  2 worker ants
  4 orcs
  A bush (Lair:3)
  42 fungi
  42 plants
218 creatures vanquished.

Vanquished Creatures (others)
  A skeletal warrior (Shoals:4)
  A phantasmal warrior (Shoals:1)
  A flayed ghost (Shoals:3)
  2 sea snake zombies (Shoals:3)
  6 merfolk zombies
  9 flying skulls
  2 black mamba zombies
  A vampire (Orc:2)
  3 wind drake zombies
  4 wraiths
  2 faun zombies
  A water nymph zombie (Shoals:1)
  2 spiny frog zombies
  A manticore zombie (Shoals:1)
  5 blink frog zombies
  A vampire mosquito zombie (Lair:6)
  A komodo dragon zombie (Lair:6)
  A rime drake zombie (Lair:4)
  3 water moccasin zombies
  A troll zombie (Orc:2)
  2 yak zombies (Lair:6)
  A wight (Orc:1)
  A wolf zombie (Lair:3)
  A polar bear skeleton (Lair:5)
  6 bullfrog zombies
  A centaur zombie (Shoals:1)
  A basilisk zombie (Lair:1)
  An ogre zombie (Orc:1)
  A swamp drake zombie (Lair:4)
  A gnoll zombie (D:5)
  2 orc skeletons
  19 orc zombies
  13 fungi
  41 plants
139 creatures vanquished.

Grand Total: 847 creatures vanquished

Notes
Turn   | Place    | Note
-------+----------+-------------------------------------------
     0 | D:1      | nubinia the Hill Orc Fighter began the quest for the Orb.
     0 | D:1      | Reached XP level 1. HP: 19/19 MP: 1/1
    47 | D:1      | Reached XP level 2. HP: 27/27 MP: 2/2
   605 | D:1      | Reached skill level 3 in Axes
   734 | D:2      | Reached XP level 3. HP: 30/33 MP: 3/3
   993 | D:2      | Reached skill level 4 in Axes
   993 | D:2      | Reached XP level 4. HP: 24/40 MP: 4/4
  1903 | D:3      | Reached XP level 5. HP: 44/46 MP: 5/5
  2115 | D:2      | Found a deep blue altar of Sif Muna.
  2549 | D:4      | Reached skill level 5 in Axes
  2613 | D:3      | Reached XP level 6. HP: 23/53 MP: 6/6
  3064 | D:4      | Found Welep's Armour Boutique.
  3173 | D:4      | Found a deep blue altar of Sif Muna.
  3271 | D:4      | Found Fegoded's Weapon Shoppe.
  3324 | D:4      | Reached skill level 6 in Axes
  3450 | D:4      | Found Plog's Food Shop.
  3463 | D:4      | Found a staircase to the Ecumenical Temple.
  3472 | Temple   | Entered the Ecumenical Temple
  3550 | Temple   | Became a worshipper of Yredelemnul the Dark
  3640 | D:5      | Entered Level 5 of the Dungeon
  3664 | D:5      | Found a glowing drain.
  3667 | D:5      | Noticed Sigmund
  3680 | D:5      | Killed Sigmund
  3680 | D:5      | Reached skill level 5 in Shields
  3680 | D:5      | Reached XP level 7. HP: 60/60 MP: 7/7
  3681 | D:5      | Reached skill level 7 in Axes
  3763 | Sewer    | Entered a sewer
  3844 | Sewer    | Reached skill level 5 in Armour
  3849 | Sewer    | Reached * piety under Yredelemnul
  4057 | Sewer    | Found a white marble altar of Elyvilon.
  4156 | D:5      | Found Seqous Bevuo's Antique Weapon Shop.
  4178 | D:5      | Bought a runed war axe for 195 gold pieces
  4628 | D:4      | Reached skill level 5 in Fighting
  4647 | D:4      | Identified Sif Muna's Almanac of Feathers
  4731 | D:5      | Reached skill level 1 in Throwing
  4750 | D:5      | Found a sparkling altar of Nemelex Xobeh.
  4891 | D:5      | Reached XP level 8. HP: 52/68 MP: 5/8
  4893 | D:5      | Reached skill level 1 in Invocations
  4894 | D:5      | Reached skill level 8 in Axes
  5908 | D:6      | Reached skill level 9 in Axes
  6025 | D:6      | Reached ** piety under Yredelemnul
  6025 | D:6      | Reached XP level 9. HP: 71/75 MP: 9/11
  6038 | D:6      | Reached skill level 1 in Dodging
  6348 | D:7      | Found a radiant altar of Vehumet.
  6354 | D:7      | Reached skill level 10 in Axes
  6871 | D:8      | Found a shimmering altar of Xom.
  6999 | D:8      | Got a scorched scale mail
  7000 | D:8      | Identified the +3 scale mail "Unorren" {rC+} (You found it on level 8 of the Dungeon)
  7136 | D:8      | Reached skill level 11 in Axes
  7144 | D:8      | Reached skill level 5 in Invocations
  7154 | D:8      | Reached XP level 10. HP: 72/86 MP: 11/13
  7168 | D:8      | Reached *** piety under Yredelemnul
  7425 | D:9      | Noticed a two-headed ogre
  7431 | D:8      | Killed a two-headed ogre
  7525 | D:9      | Got a crude chain mail
  7526 | D:9      | Identified the +1 chain mail "Cuostreo" {+Blink +Fly rF- Slay-4} (You found it on level 9 of the Dungeon)
  7668 | D:9      | Reached skill level 12 in Axes
  7723 | D:9      | Found a staircase to the Lair.
  8075 | D:9      | Noticed a two-headed ogre
  8080 | D:9      | Killed a two-headed ogre
  8192 | D:9      | Reached skill level 1 in Stealth
  8292 | Lair:1   | Entered Level 1 of the Lair of Beasts
  8420 | Lair:1   | Noticed a spiny frog
  8426 | Lair:1   | Killed a spiny frog
  8426 | Lair:1   | Reached skill level 13 in Axes
  8426 | Lair:1   | Reached XP level 11. HP: 90/95 MP: 13/15
  8713 | Lair:1   | Noticed an eight-headed hydra
  8721 | Lair:1   | Killed an eight-headed hydra
  9305 | Lair:2   | Reached skill level 1 in Evocations
  9347 | Lair:2   | Noticed an oklob plant
  9407 | Lair:2   | Noticed an eight-headed hydra
  9417 | Lair:2   | Killed an 11-headed hydra
  9558 | Lair:2   | Reached **** piety under Yredelemnul
  9595 | Lair:2   | Reached skill level 14 in Axes
  9946 | Lair:2   | Found a staircase to the Shoals.
  9958 | Lair:2   | Reached XP level 12. HP: 105/105 MP: 17/17
 10326 | Lair:3   | Found a hole to the Spider Nest.
 10346 | Lair:3   | Received a gift from Yredelemnul (a wight)
 10544 | Lair:3   | Reached skill level 10 in Fighting
 10544 | Lair:3   | Reached skill level 15 in Axes
 10942 | Lair:4   | Identified a scroll of acquirement
 11547 | Lair:4   | Noticed a seven-headed hydra
 11553 | Lair:4   | Killed a seven-headed hydra
 11730 | Lair:4   | Noticed a death yak
 11730 | Lair:4   | Noticed a death yak
 11730 | Lair:4   | Noticed a death yak
 11732 | Lair:4   | Noticed a death yak
 11739 | Lair:4   | Killed a death yak
 11743 | Lair:4   | Killed a death yak
 11745 | Lair:4   | Killed a death yak
 11749 | Lair:4   | Killed a death yak
 11902 | Lair:4   | Reached XP level 13. HP: 101/114 MP: 17/20
 12029 | Lair:5   | Received a gift from Yredelemnul (4 flying skulls)
 12792 | Lair:6   | Entered Level 6 of the Lair of Beasts
 13021 | Lair:5   | Reached skill level 16 in Axes
 13372 | Lair:5   | Reached skill level 10 in Invocations
 13443 | Lair:6   | Reached skill level 10 in Shields
 13462 | Lair:6   | Reached ***** piety under Yredelemnul
 13462 | Lair:6   | Reached skill level 10 in Armour
 13482 | Lair:6   | Received a gift from Yredelemnul (a wraith)
 13601 | Lair:6   | Received a gift from Yredelemnul (a wraith)
 13794 | Lair:6   | Found a viscous altar of Jiyva.
 13794 | Lair:6   | Found a staircase to the Slime Pits.
 13831 | Lair:6   | Received a gift from Yredelemnul (a wraith)
 14436 | D:10     | Entered Level 10 of the Dungeon
 14441 | D:10     | Reached XP level 14. HP: 125/125 MP: 22/22
 14514 | D:10     | Received a gift from Yredelemnul (a wight)
 14542 | D:10     | Found a staircase to the Orcish Mines.
 14969 | Orc:1    | Entered Level 1 of the Orcish Mines
 14994 | Orc:1    | Received a gift from Yredelemnul (a wraith)
 15151 | Orc:1    | Found Tuce's Assorted Antiques.
 15211 | Orc:1    | Bought a translucent iron ring for 140 gold pieces
 15211 | Orc:1    | Bought an agate-encrusted ring mail for 252 gold pieces
 15211 | Orc:1    | Identified the +2 ring mail of Tomorrow {Regen+ Str+4} (You bought it in a shop on level 1 of the Orcish Mines)
 15224 | Orc:1    | Identified the ring "Pusmyi" {rF++ rC+ MR- Int+4 Stlth+} (You bought it in a shop on level 1 of the Orcish Mines)
 15479 | Orc:2    | Entered Level 2 of the Orcish Mines
 15481 | Orc:2    | Noticed an orc warlord
 15531 | Orc:1    | Killed an orc warlord
 15813 | Orc:2    | Found Ceneu's General Store.
 15868 | Orc:2    | Reached skill level 5 in Throwing
 15945 | Orc:2    | Noticed an orc warlord
 15963 | Orc:1    | Received a gift from Yredelemnul (a vampire)
 16076 | Orc:2    | Found Neyn's Jewellery Boutique.
 16114 | Orc:2    | Killed an orc warlord
 16115 | Orc:2    | Gained mutation: You are clumsy. (Dex -2) [a neqoxec]
 16134 | Orc:2    | Found a staircase to the Elven Halls.
 16179 | Orc:2    | Found Xecwigeu's Antique Weapon Emporium.
 16584 | Orc:2    | Received a gift from Yredelemnul (a phantasmal warrior)
 16649 | Orc:2    | Found Uxkiog's Antique Armour Shop.
 16671 | Orc:2    | Bought a pair of encrusted boots for 237 gold pieces
 16676 | Orc:2    | Identified the cursed +0 pair of boots "Lotir" {rElec rCorr Int+3} (You bought it in a shop on level 2 of the Orcish Mines)
 16896 | Orc:2    | Upgraded the game from 0.21-a0-140-g479285b to 0.21-a0-142-gdd972a7
 17017 | Shoals:1 | Entered Level 1 of the Shoals
 17117 | Shoals:1 | Found Gealuh's Armour Shoppe.
 17373 | Shoals:1 | Noticed Nikola
 17387 | Shoals:1 | Killed Nikola
 17421 | Shoals:1 | Reached skill level 17 in Axes
 17461 | Shoals:1 | Reached XP level 15. HP: 94/134 MP: 20/24
 17722 | Shoals:1 | Received a gift from Yredelemnul (5 flying skulls)
 18466 | Shoals:3 | Reached ****** piety under Yredelemnul
 18473 | Shoals:3 | Received a gift from Yredelemnul (a flayed ghost)
 18849 | Shoals:3 | Received a gift from Yredelemnul (a skeletal warrior)
 18972 | Shoals:4 | Entered Level 4 of the Shoals
 19058 | Shoals:4 | Received a gift from Yredelemnul (a vampire knight)
 19094 | Shoals:4 | Quit the game

Vault maps used:
D:1:      dpeg_arrival_shelter
D:2:      lemuel_upstairs_altar, kennysheep_generic_room_10
D:4:      minmay_temple_entry_poolview, serial_shops, kennysheep_mini_moat,
          nicolae_shop_behind_doors,
          nicolae_shop_temple_entry_statues_fountains, led_sif_book
D:5:      nemelex_xobeh_ov_fountains_minmay, serial_shops, shop_coins,
          first_bread, portal_sewer_entry_f, uniq_sigmund
D:6:      kennysheep_six_static_rooms
D:7:      the_bakery, serial_park_tiny_pond, vehumet_altar_wand_db
D:8:      kennysheep_cluttered_room, xom_teletrap_fun
D:9:      lair_entry_dummy
D:10:     orc_0_dummy
Temple:   grunt_wide_crystal_templ
Lair:1:   serial_bayou_shore_b
Lair:2:   elwin_shoals_entry_rooms, minmay_lair_oklob_chamber,
          grunt_megastairs_4
Lair:3:   spider_nest_entry_rubble, grunt_megastairs_3
Lair:4:   guppyfry_lair_drakes, infiniplex_staircase_pool_2
Lair:5:   grunt_forest_stairs_basic, grunt_megastairs_2
Lair:6:   minmay_lair_end_frog_pond, dpeg_slime_entry_enclosed_altar,
          infiniplex_staircase_pool
Shoals:1: serial_shops, shop, uniq_nikola
Shoals:3: hangedman_shoal_volcano
Shoals:4: shoals_end_grunt_garden, shoals_ilsuiw_alternative, uniq_donald,
          uniq_louise
Orc:1:    serial_shops, nicolae_shop_statue_plus
Orc:2:    grunt_orc_gardens, grunt_orc_garden, grunt_orc_garden,
          grunt_orc_garden, grunt_orc_garden
Sewer:    sewer_kobolds

Skill      XL: |  1  2  3  4  5  6  7  8  9 10 11 12 13 14 15 |
---------------+----------------------------------------------+-----
Axes           | 3 4 5 6 7 9 11 13 14 15 16 17 | 17.3
Fighting       | 4 5 6 7 8 9 10 11 12 13 | 13.6
Armour         | 4 5 6 7 8 9 10 11 | 11.2
Shields        | 4 5 6 7 8 9 10 11 | 11.7
Throwing       | 1 2 3 4 5 |  5.7
Invocations    | 2 5 6 7 9 11 12 13 | 13.5
Dodging        | 1 2 3 4 |  4.8
Stealth        | 1 2 3 4 |  4.7
Evocations     | 1 2 3 |  3.6
Slings         | |  0.6

Action                   |  1- 3 |  4- 6 |  7- 9 | 10-12 | 13-15 || total
-------------------------+-------+-------+-------+-------+-------++-------
Melee: War axe           |    66 |   196 |   207 |   309 |   571 ||  1349
 Fire: Blowgun           |       |       |    16 |    17 |    27 ||    60
       Hunting sling     |       |       |       |     3 |     2 ||     5
Throw: Tomahawk          |       |       |     2 |    19 |    50 ||    71
Invok: Animate Remains   |       |       |    27 |       |       ||    27
       Animate Dead      |       |       |       |    40 |    81 ||   121
       Recall Undead Sla |       |       |       |     1 |     8 ||     9
       Injury Mirror     |       |       |       |     1 |     2 ||     3
Evoke: Wand              |       |       |       |    14 |    33 ||    47
       Lightning rod     |       |       |       |       |     4 ||     4
  Use: Scroll            |       |     7 |    13 |     7 |    13 ||    40
       Potion            |       |     5 |     5 |     1 |     9 ||    20
 Stab: Distracted        |       |       |       |     4 |    12 ||    16
       Sleeping          |       |       |       |       |     2 ||     2
  Eat: Chunk             |       |     9 |    21 |    26 |    33 ||    89
       Fruit             |       |       |       |     2 |     4 ||     6
       Royal jelly       |       |       |       |       |     6 ||     6
       Meat ration       |       |       |       |       |     2 ||     2
Armor: Scale mail        |     5 |       |     8 |    85 |    99 ||   197
       Chain mail        |    28 |    74 |    47 |       |       ||   149
       Plate armour      |       |       |    39 |       |       ||    39
       Ring mail         |       |       |       |       |    26 ||    26
       Skin              |       |       |       |       |     1 ||     1
Dodge: Dodged            |    18 |    36 |    34 |   106 |   165 ||   359
Block: Shield            |    31 |   117 |    93 |   143 |   296 ||   680
